 Dungeon Crawl Stone Soup version 0.21.1-1-g345015fe64 (webtiles) character file.

5644 Ivernyr the Thrower (level 10, -5/49 HPs)
             Began as a Vine Stalker Monk on June 9, 2018.
             Was a Believer of Ru.
             Slain by a wyvern (9 damage)
             ... on level 9 of the Dungeon.
             The game lasted 00:28:14 (6483 turns).

Ivernyr the Thrower (Vine Stalker Monk)             Turns: 6483, Time: 00:28:14

Health: -5/49      AC: 12    Str: 17    XL:     10   Next: 74%
Magic:  0/11       EV:  8    Int: 10    God:    Ru [**....]
Gold:   424        SH:  6    Dex: 20    Spells: 7/9 levels left

rFire    . . .     SeeInvis .   a - +4 falchion (freeze) (curse)
rCold    . . .     Gourm    .   j - +0 buckler
rNeg     . . .     Faith    +   b - +0 chain mail
rPois    .         Spirit   +   f - +0 helmet
rElec    .         Reflect  .   (no cloak)
rCorr    .         Harm     .   (no gloves)
MR       ++...                  I - +0 pair of boots (curse)
Stlth    ..........             M - amulet of faith
HPRegen  0.56/turn              l - +3 ring of strength
MPRegen  0.12/turn              C - ring of protection from magic

@: about to teleport, no potions
A: fangs 3, regeneration 1, magic shield, antimagic bite, no potion heal 3, rot
immunity, inability to drink while threatened, no stealth
a: Renounce Religion


You were on level 9 of the Dungeon.
You worshipped Ru.
Ru was pleased with you.
You were not hungry.

You visited 1 branch of the dungeon, and saw 9 of its levels.

You collected 424 gold pieces.

Inventory:

Hand Weapons
 a - a cursed +4 falchion of freezing (weapon)
Missiles
 e - 25 poisoned needles
 n - 7 javelins (quivered)
 K - 4 tomahawks
Armour
 b - a +0 chain mail (worn)
 f - a +0 helmet (worn)
 j - a +0 buckler (worn)
 I - a cursed +0 pair of boots (worn)
Jewellery
 l - a +3 ring of strength (left hand)
 t - a +3 amulet of reflection
 C - a ring of protection from magic (right hand)
 M - an amulet of faith (around neck)
Wands
 F - a wand of polymorph (20)
Scrolls
 d - 2 scrolls of amnesia
 h - a scroll of fog {unknown}
 k - 3 scrolls of magic mapping
 m - 4 scrolls of enchant weapon
 o - 3 scrolls of remove curse
 q - a scroll of fear {unknown}
 s - 2 scrolls of teleportation
 y - a scroll of blinking {unknown}
 z - a scroll of identify
 G - a scroll of immolation {unknown}
 J - 2 scrolls of torment
Potions
 g - a potion of flight {unknown}
 i - a potion of brilliance {unknown}
 p - 2 potions of lignification
 r - a potion of might {unknown}
 u - 2 potions of magic {unknown}
 v - a potion of mutation {unknown}
 w - a potion of degeneration {unknown}
 x - 4 potions of curing
 A - 3 potions of heal wounds {unknown}
 B - a potion of haste {unknown}
 D - a potion of invisibility {unknown}
 E - a potion of berserk rage {unknown}
 H - a potion of agility
Comestibles
 c - 27 rations
 L - 18 chunks of flesh


   Skills:
 - Level 3.1 Fighting
 + Level 7.0 Long Blades
 * Level 9.1 Throwing
 + Level 5.7 Armour
 - Level 2.4 Dodging
 + Level 6.1 Shields


You had 7 spell levels left.
You knew the following spells:

 Your Spells              Type           Power        Failure   Level  Hunger
a - Swiftness             Chrm/Air       #.......     100%        2    ###....


Dungeon Overview and Level Annotations

Branches:
Dungeon (9/15)             Temple (0/1) D:5
   Lair: D:8-11         Orc: D:9-12

Altars:
Elyvilon
Fedhas
Gozag
Kikubaaqudgha
Nemelex Xobeh
Okawaru
Qazlal
Ru
Trog
Vehumet
Wu Jian
Xom

Shops:
D:9 !

Annotations:
D:3 2 transporters


Innate Abilities, Weirdness & Mutations

You have razor-sharp teeth.
Your natural rate of healing is unusually fast.
When hurt, damage is shared between your health and your magic reserves.
Your bite disrupts and absorbs the magic of your enemies.
Potions cannot restore your health.
You are immune to rotting.
You cannot drink potions while threatened.
You cannot be stealthy.


Message History

You block the hound's attack. You block the hound's attack.
The hound bites you but does no damage. The hound bites you.
* * * LOW HITPOINT WARNING * * *
The hound bites you but does no damage.
The howler monkey hoots and howls with incredible vigour!
You hear a shout! x4
The hound bites you but does no damage. The hound barely misses you.
You riposte.
You slash the hound! You freeze the hound.
You kill the hound!
The wyvern bites you!
* * * LOW HITPOINT WARNING * * *
Unknown command.
As you read the scroll of teleportation, it crumbles to dust.
You feel strangely unstable. You block the wyvern's attack.
The wyvern bites you.
* * * LOW HITPOINT WARNING * * *
The howler monkey begins to attack, but is stunned by your will!
The wyvern bites you!
You die...

.....##....####....
#.>####....# ....
#..# #...(#### ... #
#..# #.###o#.####..#
##.####†# ##h#.# .#
......†.# #.#.## ..#
........####.#.###..#
...........####l....#
..†...#....# #.@..##
......#....# #....#
......#............#
....$.##########..##
......# #.## ....∩.#
#.# ####... #.# #..}.
#.#


You could see a wyvern, a howler monkey and an orc.

Vanquished Creatures
  A two-headed ogre (D:9)
  A deep elf mage (D:8)
  2 hippogriffs (D:7)
  A spriggan (D:7)
  5 yaks (D:9)
  Duvessa (D:6)
  A water moccasin (D:9)
  An orc warrior (D:7)
  5 ice beasts
  A phantom (D:7)
  A sky beast (D:5)
  An ogre (D:8)
  A centaur (D:6)
  6 bullfrogs
  Dowan (D:6)
  3 scorpions
  9 wights
  6 howler monkeys
  4 crimson imps
  2 orc priests (D:3)
  A gnoll shaman (D:6)
  3 jellies
  5 hounds
  3 iguanas
  Terence (D:3)
  4 orc wizards
  7 worker ants
  2 killer bee zombies
  A hound zombie (D:4)
  A hound skeleton (D:6)
  5 gnolls (D:6)
  7 adders
  3 shadow imps
  4 adder skeletons
  A worm (D:4)
  3 dart slugs
  5 leopard geckos
  25 orcs
  5 bats
  4 giant cockroaches
  8 goblins
  6 hobgoblins
  6 jackals (D:3)
  3 quokkas
  2 ball pythons
  4 frilled lizards
  A jackal zombie (D:5)
  12 kobolds
  8 rats
193 creatures vanquished.

Vanquished Creatures (others)
  A howler monkey (D:9)
1 creature vanquished.

Grand Total: 194 creatures vanquished

Notes
Turn   | Place    | Note
-------+----------+-------------------------------------------
     0 | D:1      | Ivernyr the Vine Stalker Monk began the quest for the Orb.
     0 | D:1      | Reached XP level 1. HP: 11/11 MP: 2/2
   129 | D:1      | Reached XP level 2. HP: 13/16 MP: 3/3
   240 | D:1      | Reached skill level 1 in Throwing
   750 | D:2      | Reached XP level 3. HP: 17/19 MP: 4/4
   963 | D:2      | Found a white marble altar of Elyvilon.
  1095 | D:2      | Found a sparkling altar of Nemelex Xobeh.
  1376 | D:3      | Reached skill level 1 in Armour
  1383 | D:3      | Noticed Terence
  1403 | D:3      | Killed Terence
  1403 | D:3      | Reached skill level 2 in Throwing
  1403 | D:3      | Gained mutation: Your natural rate of healing is unusually fast. [Vine Stalker growth]
  1403 | D:3      | Reached XP level 4. HP: 4/24 MP: 3/5
  1456 | D:3      | Found an opulent altar of Gozag.
  1579 | D:3      | Reached XP level 5. HP: 13/28 MP: 3/6
  1670 | D:3      | HP: 1/28 [orc priest/divine providence (14)]
  1674 | D:3      | Reached skill level 1 in Shields
  1779 | D:3      | Found a transporter.
  1790 | D:3      | Noticed a kobold demonologist
  1799 | D:3      | Found a transporter.
  2100 | D:3      | Found a sacrificial altar of Ru.
  2108 | D:3      | Became a worshipper of Ru the Awakened
  2118 | D:3      | Gained mutation: You cannot drink potions while threatened. [Ru sacrifice]
  2118 | D:3      | Reached * piety under Ru
  2233 | D:4      | Noticed a moth of wrath
  2236 | D:4      | Found a bloodstained altar of Trog.
  2337 | D:4      | Reached skill level 3 in Throwing
  2337 | D:4      | Reached XP level 6. HP: 31/32 MP: 7/7
  2554 | D:4      | Found an iron altar of Okawaru.
  2752 | D:4      | Found a stormy altar of Qazlal.
  2754 | D:4      | Noticed a fire elemental
  2757 | D:4      | Noticed a water elemental
  2757 | D:4      | Noticed an air elemental
  3192 | D:5      | Entered Level 5 of the Dungeon
  3209 | D:5      | Reached XP level 7. HP: 36/36 MP: 8/8
  3371 | D:5      | Reached skill level 4 in Throwing
  3570 | D:5      | Found a staircase to the Ecumenical Temple.
  3826 | D:5      | Found a bloodstained altar of Trog.
  3827 | D:5      | Found an ornate altar of the Wu Jian Council.
  3829 | D:5      | Found a shimmering altar of Xom.
  4002 | D:5      | Gained mutation: You cannot be stealthy. [Ru sacrifice]
  4002 | D:5      | Reached ** piety under Ru
  4035 | D:5      | Gained mutation: You have razor-sharp teeth. [Vine Stalker growth]
  4035 | D:5      | Reached XP level 8. HP: 40/40 MP: 9/9
  4044 | D:5      | Reached skill level 5 in Throwing
  4176 | D:6      | Learned a level 2 spell: Swiftness
  4326 | D:6      | Reached skill level 5 in Long Blades
  4414 | D:6      | Found a blossoming altar of Fedhas.
  4514 | D:6      | Reached skill level 6 in Throwing
  4793 | D:7      | Noticed Duvessa
  4793 | D:7      | Noticed Dowan
  4812 | D:6      | Killed Duvessa
  4812 | D:6      | Reached XP level 9. HP: 40/44 MP: 7/10
  4829 | D:6      | Killed Dowan
  5110 | D:7      | Reached skill level 7 in Throwing
  5240 | D:7      | Found a radiant altar of Vehumet.
  5808 | D:8      | Reached skill level 5 in Shields
  5892 | D:8      | Reached XP level 10. HP: 32/49 MP: 7/11
  5954 | D:8      | Reached skill level 5 in Armour
  5982 | D:8      | Reached skill level 8 in Throwing
  5989 | D:8      | Found an ancient bone altar of Kikubaaqudgha.
  6239 | D:8      | Noticed a deep elf mage
  6247 | D:8      | Killed a deep elf mage
  6322 | D:9      | Found a sacrificial altar of Ru.
  6419 | D:9      | Found Diongin's Distillery.
  6428 | D:9      | Noticed a two-headed ogre
  6455 | D:9      | Killed a two-headed ogre
  6455 | D:9      | Reached skill level 9 in Throwing
  6483 | D:9      | Slain by a wyvern

Skill      XL: |  1  2  3  4  5  6  7  8  9 10 |
---------------+-------------------------------+-----
Throwing       | 1 2 3 4 6 7 9 |  9.1
Fighting       | 3 |  3.1
Long Blades    | 3 4 5 6 7 |  7.0
Armour         | 1 2 4 5 |  5.7
Shields        | 1 2 4 5 6 |  6.1
Stealth        | 0 |  0.0
Dodging        | |  2.4

Action                   |  1- 3 |  4- 6 |  7- 9 | 10-12 || total
-------------------------+-------+-------+-------+-------++-------
Melee: Falchion          |    79 |   125 |    11 |   102 ||   317
       Bite              |    29 |    73 |   157 |    53 ||   312
       Long sword        |       |    71 |   162 |       ||   233
       Scimitar          |       |       |   206 |       ||   206
Throw: Javelin           |     1 |       |       |     1 ||     2
Invok: Sacrifice Drink   |       |     1 |       |       ||     1
       Sacrifice Stealth |       |       |     1 |       ||     1
       Reject Sacrifices |       |       |       |     1 ||     1
  Use: Scroll            |       |     5 |       |     6 ||    11
 Stab: Sleeping          |     4 |       |       |       ||     4
       Distracted        |     1 |     1 |     1 |       ||     3
  Eat: Chunk             |       |     7 |    10 |     2 ||    19
Armor: Robe              |    22 |       |       |       ||    22
       Chain mail        |       |    84 |   172 |    37 ||   293
Dodge: Dodged            |    60 |    63 |    84 |    20 ||   227
Block: Buckler           |     5 |    54 |   173 |    47 ||   279
       Reflection        |       |       |     5 |     2 ||     7
       Rpst.: Falchion   |    14 |     8 |       |     9 ||    31
       Long sword        |       |     8 |    17 |       ||    25
       Scimitar          |       |       |    10 |       ||    10
